 Dungeon Sprint DCSS version 0.30-a0-55-g90e3122c3a (webtiles) character file.

Game seed: 12058376276045194300

522 Conn the Arsonist (level 7, 0/43 HPs)
             Began as an Octopode Fire Elementalist on Sept 9, 2022.
             Was an Initiate of Sif Muna.
             Slain by a hornet (2 damage)
             ... in the Dungeon (Sprint II: "The Violet Keep of Menkaure").
             The game lasted 00:05:20 (240 turns).

Conn the Arsonist (Octopode Fire Elementalist)       Turns: 240, Time: 00:05:21

Health: 0/43       AC:  9    Str:  7    XL:     7   Next: 22%
Magic:  11/18      EV: 14    Int: 20    God:    Sif Muna [......]
Gold:   386        SH:  0    Dex: 12    Spells: 4/21 levels left

rFire   . . .      SeeInvis .    o - +1 dagger (venom)
rCold   . . .      Faith    .    (no shield)
rNeg    . . .      Spirit   .    (helmet restricted)
rPois   .          Reflect  .    (no amulet)
rElec   .          Harm     .    e - +4 ring of protection
rCorr   .          Rampage  .    i - +4 ring of protection
Will    .....      NoTele   +    (no ring)
Stlth   +++++.....               (no ring)
HPRegen 0.14/turn                (no ring)
MPRegen 0.16/turn                (no ring)
                                 (no ring)
                                 (no ring)

@: hasted and slowed
A: almost no armour, amphibious, 8 rings, camouflage 1, gelatinous body 1,
nimble swimmer 1, tentacles
a: Renounce Religion


You were in the Dungeon.
You worshipped Sif Muna.
Sif Muna was noncommittal.
You visited 1 branch You collected 386 gold pieces.

Inventory:

Hand Weapons
 o - a +1 dagger of venom (weapon)
Jewellery
 e - a +4 ring of protection (left tentacle)
 i - a +4 ring of protection (right tentacle)
Scrolls
 g - 5 scrolls of identify {unknown}
 j - 2 scrolls of fog {unknown}
 l - a scroll of brand weapon {unknown}
 m - 2 scrolls of enchant weapon {unknown}
 q - a scroll of magic mapping {unknown}
Potions
 a - 6 potions of magic
 d - 2 potions of might {unknown}
 h - 4 potions of flight {unknown}
 k - 2 potions of lignification {unknown}
 p - 3 potions of resistance {unknown}


   Skills:
 + Level 1.4 Fighting
 + Level 4.7 Dodging
 + Level 6.1 Stealth
 * Level 7.9 Spellcasting
 * Level 6.0 Conjurations
 + Level 9.6 Fire Magic


You had 4 spell levels left.
You knew the following spells:

 Your Spells              Type           Power      Damage    Failure   Level
a - Foxfire               Conj/Fire      100%       2x1d9     1%          1
b - Conjure Flame         Conj/Fire      39%        6-21      1%          3
c - Inner Flame           Hex/Fire       27%        N/A       3%          3
d - Flame Wave            Conj/Fire      39%        2d11      3%          4
e - Scorch                Fire           92%        2d9       1%          2
f - Iskenderun's Mystic   Conj/Tloc      20%        2d6       24%         4

Your spell library contained the following spells:

 Spells                   Type           Power      Damage    Failure   Level
 Dazzling Flash           Conj/Hex       40%        N/A       8%          3
 Starburst                Conj/Fire      19%        6d7       45%         6


Dungeon Overview and Level Annotations

Branches:
Dungeon (1/1)

Altars:
Cheibriados
Dithmenos
Elyvilon
Fedhas
Gozag
Hepliaklqana
Kikubaaqudgha
Makhleb
Nemelex Xobeh
Okawaru
Qazlal
Ru
Sif Muna
Trog
Uskayaw
Vehumet
Wu Jian
Xom
Yredelemnul
Zin
The Shining One
Jiyva
Lugonu


Innate Abilities, Weirdness & Mutations

You cannot wear most types of armour.
You are amphibious.
You can wear up to eight rings at the same time.
Your skin changes colour to match your surroundings (Stealth+).
Your rubbery body absorbs attacks. (AC +1, EV +1)
You are camouflaged when in or above water. (Stealth+)
You have tentacles for arms and can constrict up to eight enemies at once.


Message History

The flame wave engulfs the polar bear!
The polar bear is almost dead. (Press . to intensify the flame waves.)
You are engulfed in a cloud of scalding steam.
The polar bear is engulfed in a cloud of scalding steam.
The polar bear misses you.
The polar bear claws you but does no damage.
The polar bear claws you. The polar bear bites you!
The polar bear claws you but does no damage.
The polar bear claws you.
* * * LOW HITPOINT WARNING * * *
Unknown command.
Unknown command.
A wave of flame ripples out!
The flame wave engulfs the hornet.
The hornet is moderately wounded.
The flame wave engulfs the polar bear!
The polar bear is almost dead.
The flame wave engulfs the polar bear!
You kill the polar bear!
Sif Muna accepts your kill.
You are engulfed in a cloud of scalding steam.
* * * LOW HITPOINT WARNING * * *
The hornet stings you.
* * * LOW HITPOINT WARNING * * *
You are lethally poisoned!
You feel yourself slow down.
Your Stealth skill increases to level 6!
Your Spellcasting skill increases to level 7!
Your Conjurations skill increases to level 6!
Your Fire Magic skill increases to level 9!
You have reached level 7!
You feel better.
You are engulfed in a cloud of scalding steam.
* * * LOW HITPOINT WARNING * * *
The polar bear is engulfed in a cloud of scalding steam.
You kill the polar bear!
Sif Muna accepts your kill.
The hornet is engulfed in a cloud of scalding steam.
The hornet stings you.
You die...

#+###.##..# +..# y#▓|).)..(
##.##...#..# #^.# .#▓[.(....
+.<.†.##'..####..##.#▓:[....(
##.##...#....###...##▓▓▓▓▓▓▓w
#+###.##§.....~~~~~~~~~~~~~.
###~§.....c#'########+##
#~~~§§§§§§§#.._._._.#~~§
#~~§§§y§§§~#._._._..#~~§
#~~~§§§§@§§§#_._._._.#~~§
~~~~~§§§§§§§~#._._._._#§~S
+++#~≈§§§§§≈~#.._._._.#§§~
##≈≈≈###≈≈#..._._._#~S~ ##≈≈
#≈§#...._._.#~~≈ +≈≈
#≈§#....._._#§≈≈ #≈
≈≈≈##########§≈≈ ##
####~~~~~~~~~≈≈≈


You could see a hornet.

Vanquished Creatures
  2 polar bears (D)
  4 necrophages (D)
6 creatures vanquished.

Vanquished Creatures (others)
  A water moccasin (D)
  2 foxfires (D)
  4 tentacles (D)
7 creatures vanquished.

Grand Total: 13 creatures vanquished

Notes
Turn   | Place    | Note
-------+----------+-------------------------------------------
     0 | D        | Conn the Octopode Fire Elementalist began the quest for the
                  | Orb.
     0 | D        | Reached XP level 1. HP: 11/11 MP: 3/3
     1 | D        | Noticed a necrophage
     1 | D        | Noticed a necrophage
     1 | D        | Noticed a necrophage
     1 | D        | Noticed a necrophage
     5 | D        | Killed a necrophage
     6 | D        | Reached skill level 5 in Fire Magic
     6 | D        | Reached XP level 2. HP: 17/17 MP: 3/6
     6 | D        | Reached XP level 3. HP: 21/21 MP: 4/8
    10 | D        | Killed a necrophage
    11 | D        | Reached skill level 6 in Fire Magic
    11 | D        | Reached XP level 4. HP: 27/27 MP: 4/10
    14 | D        | Killed a necrophage
    15 | D        | Reached skill level 5 in Spellcasting
    15 | D        | Reached skill level 7 in Fire Magic
    15 | D        | Reached XP level 5. HP: 31/31 MP: 4/12
    20 | D        | Reached skill level 5 in Stealth
    20 | D        | Reached skill level 8 in Fire Magic
    20 | D        | Reached XP level 6. HP: 37/37 MP: 5/15
    26 | D        | Noticed a water moccasin
    31 | D        | Learned a level 2 spell: Scorch
    35 | D        | Learned a level 3 spell: Conjure Flame
    39 | D        | Learned a level 3 spell: Inner Flame
    44 | D        | Learned a level 4 spell: Flame Wave
    47 | D        | Found a hazy altar of Hepliaklqana.
    47 | D        | Found a snail-covered altar of Cheibriados.
    48 | D        | Found a stormy altar of Qazlal.
    48 | D        | Found a viscous altar of Jiyva.
    48 | D        | Found a shadowy altar of Dithmenos.
    49 | D        | Found a sacrificial altar of Ru.
    49 | D        | Found an ancient bone altar of Kikubaaqudgha.
    49 | D        | Found a white marble altar of Elyvilon.
    50 | D        | Found an ornate altar of the Wu Jian Council.
    50 | D        | Found a shimmering blue altar of Sif Muna.
    50 | D        | Found a corrupted altar of Lugonu.
    51 | D        | Found a shimmering altar of Xom.
    51 | D        | Found a bloodstained altar of Trog.
    51 | D        | Found a burning altar of Makhleb.
    52 | D        | Found a glowing golden altar of the Shining One.
    52 | D        | Found a basalt altar of Yredelemnul.
    52 | D        | Found a hide-covered altar of Uskayaw.
    54 | D        | Found a glowing silver altar of Zin.
    54 | D        | Found a radiant altar of Vehumet.
    54 | D        | Found a blossoming altar of Fedhas.
    54 | D        | Found a sparkling altar of Nemelex Xobeh.
    55 | D        | Found an opulent altar of Gozag.
    55 | D        | Found an iron altar of Okawaru.
    57 | D        | Noticed a water moccasin
    58 | D        | Noticed a water moccasin
    59 | D        | Became a worshipper of Sif Muna the Loreminder
    71 | D        | Noticed a kraken
   121 | D        | Learned a level 4 spell: Iskenderun's Mystic Blast
   224 | D        | Noticed a yaktaur
   224 | D        | Noticed a hornet
   224 | D        | Noticed a polar bear
   228 | D        | Noticed a polar bear
   229 | D        | Noticed a polar bear
   234 | D        | Killed a water moccasin
   235 | D        | Reached skill level 1 in Fighting
   235 | D        | Reached skill level 5 in Conjurations
   239 | D        | Killed a polar bear
   240 | D        | Reached skill level 9 in Fire Magic
   240 | D        | Reached XP level 7. HP: 2/43 MP: 11/18
   240 | D        | HP: 2/43 [cloud of steam (5)]
   240 | D        | Killed a polar bear
   240 | D        | Slain by a hornet

Illustrated notes

Levels and vault maps discovered:
D:        the_violet_keep_of_menkaure [sprint2_stairs_cluster_1,
          sprint2_shoproom, sprint2_temple, sprint2_basic_supplies,
          sprint2_obstacle_6, sprint2_obstacle_2, sprint2_obstacle_3,
          sprint2_obstacle_5, sprint2_obstacle_7, sprint2_timed_cluster_1,
          sprint2_smallroom_cluster_1, sprint2_smallroom_final_cluster_1,
          sprint2_transparent_cluster_1, sprint2_second_timed_cluster_1,
          sprint2_sniper_area_1, sprint2_heavy_combat_area_1,
          sprint2_mutation_trap_area_1, sprint2_forest_area_1,
          sprint2_light_combat_area_1, sprint2_behind_water_1,
          sprint2_near_end_vault_1]

Skill      XL: |  1  2  3  4  5  6 |
---------------+-------------------+-----
Dodging        | 3 4 |  4.7
Stealth        | 3 4 5 6 |  6.1
Spellcasting   | 3 4 5 6 7 |  7.9
Conjurations   | 3 4 6 |  6.0
Fire Magic     | 5 6 7 8 9 |  9.6
Fighting       | 1 |  1.4

Action                   |  1- 3 |  4- 6 |  7- 9 || total
-------------------------+-------+-------+-------++-------
Melee: Unarmed           |     7 |     9 |       ||    16
       Tentacles         |     3 |     3 |       ||     6
       Constrict         |     2 |     2 |       ||     4
 Cast: Scorch            |       |     4 |       ||     4
       Flame Wave        |       |     2 |       ||     2
       Inner Flame       |       |     1 |       ||     1
       Foxfire           |       |     1 |       ||     1
  Use: Potion            |     2 |     5 |     1 ||     8
       Scroll            |       |     1 |       ||     1
Armor: Skin              |     1 |    12 |       ||    13
Dodge: Dodged            |       |    11 |       ||    11

Table legend: (Time is in decaauts)
 A = Elapsed time spent in this place.
 B = Non-inter-level travel time spent in this place.
 C = Inter-level travel time spent in this place.
 D = Time resting spent in this place.
 E = Time spent auto-exploring this place.
 F = Levels seen in this place.
 G = Mean time per level.
                   A        B        C        D        E       F      G
               +--------+--------+--------+--------+--------+-----+--------+
         Total |    234 |    234 |      0 |      4 |      0 |   1 |  234.0 |
       Dungeon |    234 |    234 |      0 |      4 |      0 |   1 |  234.0 |
               +--------+--------+--------+--------+--------+-----+--------+

Top non-repeatable levels by time:
       D: 234 daAuts
